[Event "Catalan Youth Championship 2024"]
[Site "Cambrils"]
[Date "2024.03.28"]
[Round "9.3"]
[White "Garcia Huerta, Joaquin Marc"]
[Black "Costache, Stefan"]
[Result "1/2-1/2"]
[ECO "B11"]
[WhiteElo "1617"]
[BlackElo "1461"]
[Annotator "NA RC"]
[PlyCount "68"]
[EventDate "2024.03.13"]
[EventType "swiss"]
[EventCountry "ESP"]
[SourceTitle "playchess.com"]
[Source "ChessBase"]
[SourceQuality "1"]
[TimeControl "5400+30"]

1. e4 c6 2. Nc3 d5 3. Qe2 d4 4. Nd1 e5 5. g3 Bd6 6. Bg2 Nf6 7. h3 O-O 8. d3 h6 9. c3 c5 10. Qc2 Nc6 11. Ne2 Be6 12. O-O Rc8 13. f4 dxc3 14. bxc3 c4 15. d4 exd4 16. cxd4 Nxd4 17. Nxd4 Bc5 18. Be3 Bxd4 19. Bxd4 Qxd4+ 20. Nf2 Nh5 21. f5 Bd7 22. Rfd1 Qe5 23. g4 Nf4 24. Bf1 Bc6 25. Rac1 g5 26. fxg6 fxg6 27. Bxc4+ Kh7 28. Qb3 Ba4 29. Qxa4 Nxh3+ 30. Nxh3 Qg3+ 31. Kh1 Qxh3+ 32. Kg1 Qg3+ 33. Kh1 Qh3+ 34. Kg1 Qg3+ 1/2-1/2

[Event "Catalan Youth Championship 2024"]
[Site "Cambrils"]
[Date "2024.03.28"]
[Round "9.5"]
[White "Tallada Serret, Gerard"]
[Black "Faixedas Climent, Pol"]
[Result "1-0"]
[ECO "C30"]
[WhiteElo "2085"]
[BlackElo "1703"]
[Annotator "RC"]
[PlyCount "71"]
[EventDate "2024.03.13"]
[EventType "swiss"]
[EventCountry "ESP"]
[SourceTitle "playchess.com"]
[Source "ChessBase"]
[SourceQuality "1"]
[TimeControl "5400+30"]

1. e4 e5 2. Bc4 Nf6 3. d3 Bc5 4. Nc3 Nc6 5. f4 d6 6. Nf3 Bd7 7. a3 a6 8. f5 h6 9. Qe2 Nd4 10. Nxd4 Bxd4 11. Nd5 Bb5 12. Bb3 Bc6 13. Nb4 Bd7 14. c3 Ba7 15. Be3 Bxe3 16. Qxe3 c5 17. Nd5 Bc6 18. Nxf6+ Qxf6 19. O-O Rb8 20. Rad1 b5 21. d4 c4 22. Bc2 O-O 23. Rd2 Rfe8 24. Qg3 Rbd8 25. Rfd1 Kh8 26. dxe5 dxe5 27. Qe3 Bb7 28. h3 Kg8 29. a4 Rxd2 30. Qxd2 Qb6+ 31. Kh2 Bc6 32. f6 Ba8 33. fxg7 Qg6 34. Qd7 Bc6 35. Qd6 Re6 36. Qf8+ 1-0

[Event "Catalan Youth Championship 2024"]
[Site "Cambrils"]
[Date "2024.03.28"]
[Round "9.6"]
[White "Hijarrubia Alvarez-Cuevas, Gonzalo"]
[Black "Linares Miralles, Jordi"]
[Result "1/2-1/2"]
[ECO "C45"]
[WhiteElo "1827"]
[BlackElo "1645"]
[Annotator "NA RC"]
[PlyCount "52"]
[EventDate "2024.03.13"]
[EventType "swiss"]
[EventCountry "ESP"]
[SourceTitle "playchess.com"]
[Source "ChessBase"]
[SourceQuality "1"]
[TimeControl "5400+30"]

1. e4 e5 2. Nf3 Nc6 3. d4 exd4 4. Nxd4 Qf6 5. Nb5 Bc5 6. Qe2 Bb6 7. N1c3 Nge7 8. Be3 Ba5 9. O-O-O a6 10. Nd4 Bxc3 11. bxc3 d6 12. Nxc6 Nxc6 13. Bd4 Nxd4 14. cxd4 b5 15. g3 O-O 16. Bg2 Qe6 17. Kb1 Re8 18. d5 Qe7 19. f4 Bf5 20. Rhe1 Rad8 21. g4 Bc8 22. g5 f6 23. h4 Qf7 24. Bf3 fxg5 25. fxg5 Re5 26. Qg2 Rf8 1/2-1/2

[Event "Catalan Youth Championship 2024"]
[Site "Cambrils"]
[Date "2024.03.28"]
[Round "9.7"]
[White "Sahakyan, Aram A"]
[Black "Perez Vidal, Ian"]
[Result "0-1"]
[ECO "C45"]
[WhiteElo "1639"]
[BlackElo "1828"]
[Annotator "NA RC"]
[PlyCount "122"]
[EventDate "2024.03.13"]
[EventType "swiss"]
[EventCountry "ESP"]
[SourceTitle "playchess.com"]
[Source "ChessBase"]
[SourceQuality "1"]
[TimeControl "5400+30"]

1. e4 e5 2. Nf3 Nc6 3. d4 exd4 4. Nxd4 Qf6 5. c3 Bc5 6. Be3 Nge7 7. Qd2 O-O 8. Nb3 Bxe3 9. Qxe3 d5 10. N1d2 Ne5 11. f3 dxe4 12. Nxe4 Qe6 13. O-O-O Nf5 14. Qc5 c6 15. Kb1 b6 16. Qf2 c5 17. g4 Nxg4 18. fxg4 Qxe4+ 19. Bd3 Qxg4 20. Rhg1 Qh5 21. Rdf1 Rd8 22. Bxf5 Bxf5+ 23. Ka1 Bg6 24. Nd2 Rd5 25. Nf3 Rad8 26. a3 Rd3 27. Re1 Qxf3 28. Qxf3 Rxf3 29. Re7 a5 30. Rge1 h6 31. Rb7 Rf6 32. Ka2 c4 33. Rc7 b5 34. Rc5 Rfd6 35. Rxb5 Bc2 36. a4 Bxa4 37. Rxa5 Bb3+ 38. Ka3 Rb6 39. Ree5 Rd1 40. Reb5 Ra1+ 41. Kb4 Rxa5 42. Rxb6 Ra2 43. Rb8+ Kh7 44. Rb7 f5 45. Rb5 Kg6 46. h4 Rxb2 47. Kc5 Rh2 48. Rb6+ Kh5 49. Rb7 g6 50. Kd4 Rxh4+ 51. Ke3 Rh3+ 52. Kd4 Rd3+ 53. Ke5 Rxc3 54. Kf4 Bc2 55. Rc7 g5+ 56. Ke5 f4 57. Kd4 Re3 58. Kxc4 f3 59. Kd4 Re4+ 60. Kc3 f2 61. Rf7 Rf4 0-1

[Event "Catalan Youth Championship 2024"]
[Site "Cambrils"]
[Date "2024.03.28"]
[Round "9.8"]
[White "Torres Herrera, Guillem"]
[Black "Bru Montoya, Pau"]
[Result "0-1"]
[ECO "D55"]
[WhiteElo "1780"]
[BlackElo "1850"]
[Annotator "NA RC"]
[PlyCount "108"]
[EventDate "2024.03.13"]
[EventType "swiss"]
[EventCountry "ESP"]
[SourceTitle "playchess.com"]
[Source "ChessBase"]
[SourceQuality "1"]
[TimeControl "5400+30"]

1. d4 Nf6 2. Nf3 d5 3. c4 e6 4. Nc3 Be7 5. Bg5 O-O 6. e3 b6 7. cxd5 exd5 8. Bd3 c5 9. O-O Bg4 10. Rb1 Nc6 11. Be2 Be6 12. h3 h6 13. Bf4 Bd6 14. Bxd6 Qxd6 15. dxc5 bxc5 16. a3 Bf5 17. Bd3 Bxd3 18. Qxd3 Ne5 19. Qf5 Nxf3+ 20. Qxf3 Qe5 21. Rfd1 Rfd8 22. Rd3 Rab8 23. b4 cxb4 24. axb4 Rbc8 25. Ne2 Rc4 26. Nd4 Rb8 27. Rdb3 Ne4 28. R3b2 Nc3 29. Re1 Rxd4 30. Rc1 Rdxb4 31. Rbc2 Rb1 32. g3 Rxc1+ 33. Rxc1 Qe4 34. Qxe4 Nxe4 35. Ra1 Ra8 36. Ra5 Nf6 37. Kg2 Kf8 38. h4 Ke7 39. Kf3 Kd6 40. g4 Kc6 41. g5 hxg5 42. hxg5 Ne4 43. g6 fxg6 44. Ra6+ Kb5 45. Rxg6 a5 46. Rxg7 Nc5 47. Rg5 Kc4 48. Ke2 a4 49. Rg1 a3 50. f4 a2 51. f5 a1=Q 52. Rxa1 Rxa1 53. f6 Ra6 54. f7 Rf6 0-1

[Event "Catalan Youth Championship 2024"]
[Site "Cambrils"]
[Date "2024.03.28"]
[Round "9.9"]
[White "Prada Villagrasa, Pau Manel"]
[Black "Villa Tornero, Alex"]
[Result "1/2-1/2"]
[ECO "B42"]
[WhiteElo "2103"]
[BlackElo "2329"]
[Annotator "RC"]
[PlyCount "86"]
[EventDate "2024.03.13"]
[EventType "swiss"]
[EventCountry "ESP"]
[SourceTitle "playchess.com"]
[Source "ChessBase"]
[SourceQuality "1"]
[TimeControl "5400+30"]

1. e4 c5 2. Nf3 e6 3. d4 cxd4 4. Nxd4 a6 5. Bd3 Nf6 6. Qe2 d6 7. c4 Qc7 8. O-O Be7 9. Nc3 b6 10. Be3 Bb7 11. Rac1 O-O 12. f4 Nbd7 13. b4 Rfe8 14. Nf3 Rac8 15. Kh1 Qb8 16. a3 Qa8 17. Bd4 Nh5 18. Qe3 Bd8 19. e5 Bc7 20. Ne4 dxe5 21. fxe5 g6 22. Nfg5 Re7 23. g4 Nxe5 24. Bxe5 Bxe5 25. gxh5 Rd8 26. hxg6 f5 27. gxh7+ Rxh7 28. Nxh7 Rxd3 29. Qg5+ Kh8 30. Nhf6 Rh3 31. Rce1 Qd8 32. Nd5 Qb8 33. Re2 exd5 34. Qxf5 Rh7 35. Qf8+ Qxf8 36. Rxf8+ Kg7 37. Rf7+ Kxf7 38. Ng5+ Kg6 39. Nxh7 dxc4+ 40. Kg1 Bg7 41. Re7 Bf3 42. Kf2 Bh5 43. Rxg7+ Kxg7 1/2-1/2

[Event "Catalan Youth Championship 2024"]
[Site "Cambrils"]
[Date "2024.03.28"]
[Round "9.10"]
[White "Alonso Gimenez, Mauro"]
[Black "Dea Ruiz, Jofre"]
[Result "1-0"]
[ECO "B11"]
[WhiteElo "1980"]
[BlackElo "1836"]
[Annotator "RC"]
[PlyCount "79"]
[EventDate "2024.03.13"]
[EventType "swiss"]
[EventCountry "ESP"]
[SourceTitle "playchess.com"]
[Source "ChessBase"]
[SourceQuality "1"]
[TimeControl "5400+30"]

1. e4 c6 2. Nc3 d5 3. Nf3 dxe4 4. Nxe4 Nf6 5. Qe2 Nxe4 6. Qxe4 Nd7 7. Bc4 Nf6 8. Ne5 e6 9. Qe2 b5 10. Bb3 Qc7 11. d4 Bd6 12. O-O O-O 13. c3 a6 14. Bc2 Nd5 15. Qd3 f5 16. f4 c5 17. Qe2 Rf6 18. a4 Rb8 19. axb5 axb5 20. Bb3 cxd4 21. cxd4 Bd7 22. Bd2 Rff8 23. Rac1 Qa7 24. Bxd5 exd5 25. Qf3 Bxe5 26. Qxd5+ Kh8 27. fxe5 Rfe8 28. Be3 Be6 29. Qf3 Qd7 30. Rcd1 Rbd8 31. Bg5 Rc8 32. d5 Bg8 33. Qxf5 Qa7+ 34. Kh1 Rf8 35. Qxf8 Rxf8 36. Rxf8 h6 37. d6 Qd7 38. Re1 Kh7 39. Rxg8 Kxg8 40. e6 1-0

[Event "Catalan Youth Championship 2024"]
[Site "Cambrils"]
[Date "2024.03.28"]
[Round "9.11"]
[White "Uber Gracia, Hugo"]
[Black "Ballo Serrano, Jan"]
[Result "1-0"]
[ECO "A17"]
[WhiteElo "2237"]
[BlackElo "1855"]
[Annotator "RC"]
[PlyCount "49"]
[EventDate "2024.03.13"]
[EventType "swiss"]
[EventCountry "ESP"]
[SourceTitle "playchess.com"]
[Source "ChessBase"]
[SourceQuality "1"]
[TimeControl "5400+30"]

1. c4 e6 2. Nf3 Nf6 3. Nc3 d5 4. e3 b6 5. b3 Bb7 6. Bb2 dxc4 7. Bxc4 a6 8. O-O Nbd7 9. d4 b5 10. Be2 c5 11. a4 cxd4 12. Nxd4 b4 13. Nb1 Nc5 14. Nd2 Nce4 15. Nc4 Nd6 16. Ne5 Be7 17. Ndc6 Bxc6 18. Nxc6 Qb6 19. Bf3 Rc8 20. Bd4 Qb7 21. Na7 Nde4 22. Nxc8 Qxc8 23. Rc1 Qb8 24. Qd3 Nd6 25. Bc6+ 1-0

[Event "Catalan Youth Championship 2024"]
[Site "Cambrils"]
[Date "2024.03.28"]
[Round "9.12"]
[White "Herman Gamazo, Isaac"]
[Black "Valle Luis, Liam"]
[Result "1/2-1/2"]
[ECO "C30"]
[WhiteElo "2096"]
[BlackElo "1852"]
[Annotator "RC"]
[PlyCount "101"]
[EventDate "2024.03.13"]
[EventType "swiss"]
[EventCountry "ESP"]
[SourceTitle "playchess.com"]
[Source "ChessBase"]
[SourceQuality "1"]
[TimeControl "5400+30"]

1. e4 e5 2. Nc3 Nc6 3. Bc4 Nf6 4. d3 Bc5 5. f4 d6 6. Nf3 Be6 7. f5 Bxc4 8. dxc4 Bb4 9. Qd3 Bxc3+ 10. bxc3 Qd7 11. O-O Ne7 12. h3 Qc6 13. Re1 Nc8 14. Bg5 Nb6 15. Nd2 h6 16. Be3 O-O-O 17. Bf2 Rhg8 18. Bh4 Rdf8 19. Qe2 g5 20. fxg6 fxg6 21. Rf1 g5 22. Bg3 Na4 23. Rf3 Qb6+ 24. Kh1 Nxc3 25. Qd3 Na4 26. Raf1 Nc5 27. Qe2 Ncd7 28. Ra3 a6 29. Bf2 Qc6 30. Rb1 Rg7 31. Rab3 b6 32. c5 Nxc5 33. Bxc5 Qxc5 34. Qxa6+ Kd7 35. Rf1 Qxc2 36. Nc4 Qxe4 37. Nxb6+ Ke6 38. Na4 Qd5 39. Rd3 Ra8 40. Nc5+ Ke7 41. Rxd5 Rxa6 42. Rxf6 Rxa2 43. Re6+ Kf7 44. Rxh6 dxc5 45. Rd7+ Kg8 46. Rd8+ Kf7 47. Rc6 Ra7 48. Rxc5 c6 49. Rxe5 Rc7 50. Rc5 Rg6 51. Kh2 1/2-1/2

[Event "Catalan Youth Championship 2024"]
[Site "Cambrils"]
[Date "2024.03.28"]
[Round "9.13"]
[White "Clotet Mas, Dan"]
[Black "Salinas Tomas, Daniel"]
[Result "0-1"]
[ECO "B22"]
[WhiteElo "2028"]
[BlackElo "2386"]
[Annotator "RC"]
[PlyCount "72"]
[EventDate "2024.03.13"]
[EventType "swiss"]
[EventCountry "ESP"]
[SourceTitle "playchess.com"]
[Source "ChessBase"]
[SourceQuality "1"]
[TimeControl "5400+30"]

1. e4 c6 2. Nf3 d5 3. d3 g6 4. e5 c5 5. c3 Nc6 6. d4 cxd4 7. cxd4 Bg4 8. Be3 Bxf3 9. gxf3 e6 10. Nc3 a6 11. Qd2 Nge7 12. Bd3 Bg7 13. Rc1 O-O 14. Ne2 f6 15. f4 fxe5 16. fxe5 Nf5 17. Bxf5 Rxf5 18. h4 Qe7 19. Nf4 Raf8 20. h5 g5 21. Nd3 h6 22. Ke2 Qf7 23. Rcg1 Rf3 24. Rg4 Qf5 25. Rhg1 Rh3 26. f4 Nxd4+ 27. Bxd4 Qe4+ 28. Be3 d4 29. fxg5 Rxe3+ 30. Kd1 Qf3+ 31. Kc2 Re2 32. gxh6 Rxd2+ 33. Kxd2 Qe3+ 34. Kc2 Rc8+ 35. Kb1 Qxd3+ 36. Ka1 Qd2 0-1

[Event "Catalan Youth Championship 2024"]
[Site "Cambrils"]
[Date "2024.03.28"]
[Round "9.14"]
[White "Anguera Staina, Maxim"]
[Black "Aleksanyan Israilyan, Nicolas"]
[Result "0-1"]
[ECO "A13"]
[WhiteElo "2020"]
[BlackElo "2045"]
[Annotator "RC"]
[PlyCount "108"]
[EventDate "2024.03.13"]
[EventType "swiss"]
[EventCountry "ESP"]
[SourceTitle "playchess.com"]
[Source "ChessBase"]
[SourceQuality "1"]
[TimeControl "5400+30"]

1. Nf3 d5 2. b3 Nf6 3. Bb2 e6 4. e3 Be7 5. c4 h6 6. Nc3 O-O 7. Be2 c5 8. cxd5 Nxd5 9. Nxd5 Qxd5 10. Bc4 Qd8 11. O-O b6 12. Qe2 Bf6 13. d4 cxd4 14. Nxd4 Bb7 15. Rad1 Qe7 16. e4 Bxd4 17. Rxd4 Nc6 18. Rd3 Rad8 19. Rg3 e5 20. f4 Kh8 21. Qg4 f6 22. Ba3 Qc7 23. Bxf8 Rxf8 24. Bd5 Bc8 25. Qh5 Nd4 26. fxe5 Ba6 27. exf6 Ne2+ 28. Kh1 Nxg3+ 29. hxg3 Bxf1 30. e5 gxf6 31. exf6 Qc1 32. Kh2 Qg5 33. Qd1 Qxf6 34. Bf3 Bb5 35. Qd5 Be8 36. Qb7 Qg7 37. Qd5 Rg8 38. Qd6 Bg6 39. Qf4 Rf8 40. Qd6 Qf6 41. Qd2 Kg7 42. a4 Rd8 43. Qc1 Rd3 44. Qc7+ Qf7 45. Qe5+ Kh7 46. b4 Rd8 47. a5 Re8 48. Qd6 Qe7 49. Qd4 Qe5 50. Qd7+ Re7 51. Qd8 bxa5 52. bxa5 Be4 53. Bg4 Rg7 54. Qc8 h5 0-1

[Event "Catalan Youth Championship 2024"]
[Site "Cambrils"]
[Date "2024.03.28"]
[Round "9.15"]
[White "Sviridenko, Yaroslav"]
[Black "Montes Molina, Ivan"]
[Result "1-0"]
[ECO "C01"]
[WhiteElo "1961"]
[BlackElo "2100"]
[Annotator "RC"]
[PlyCount "117"]
[EventDate "2024.03.13"]
[EventType "swiss"]
[EventCountry "ESP"]
[SourceTitle "playchess.com"]
[Source "ChessBase"]
[SourceQuality "1"]
[TimeControl "5400+30"]

1. e4 e6 2. d4 d5 3. exd5 exd5 4. Nf3 Bd6 5. Bd3 Ne7 6. O-O Bg4 7. Nbd2 Nbc6 8. c3 Qd7 9. Re1 O-O-O 10. b4 Ng6 11. Qa4 Kb8 12. b5 Nce7 13. Ne5 Nxe5 14. dxe5 Bc5 15. Nb3 Bb6 16. Be3 Bxe3 17. Rxe3 h5 18. Nc5 Qc8 19. Qb3 Be6 20. Ree1 Rh6 21. a4 d4 22. c4 Bf5 23. a5 Bxd3 24. Nxd3 Rg6 25. Nf4 Rg4 26. Qf3 Nf5 27. h3 Rg5 28. a6 d3 29. Red1 Rd4 30. Rxd3 Nh4 31. Qe3 Rxd3 32. Qxd3 Rxe5 33. axb7 Qe8 34. Qd4 Re1+ 35. Rxe1 Qxe1+ 36. Kh2 g5 37. Qd8+ Kxb7 38. Nd3 Qe2 39. Qd5+ Kc8 40. Ne5 Nf3+ 41. Nxf3 Qxf2 42. Qxg5 Qe2 43. Qd5 Qe3 44. Qxf7 Qh6 45. Qe8+ Kb7 46. Qe5 a5 47. Nd4 a4 48. Qd5+ Kc8 49. Ne6 Qf6 50. Qa8+ Kd7 51. Nc5+ Ke7 52. Qe4+ Kd8 53. Qd5+ Ke8 54. Qxh5+ Kd8 55. Qd5+ Ke8 56. Qg8+ Ke7 57. Nxa4 Qf4+ 58. Qg3 Qxc4 59. Nc3 1-0

[Event "Catalan Youth Championship 2024"]
[Site "Cambrils"]
[Date "2024.03.28"]
[Round "9.16"]
[White "Pinyol i Llora, Julia"]
[Black "Benseny Martinez, Guerau"]
[Result "0-1"]
[ECO "E63"]
[WhiteElo "1950"]
[BlackElo "1986"]
[Annotator "RC"]
[PlyCount "84"]
[EventDate "2024.03.13"]
[EventType "swiss"]
[EventCountry "ESP"]
[SourceTitle "playchess.com"]
[Source "ChessBase"]
[SourceQuality "1"]
[TimeControl "5400+30"]

1. d4 Nf6 2. c4 g6 3. Nc3 Bg7 4. g3 O-O 5. Bg2 d6 6. Nf3 Nc6 7. O-O a6 8. Bf4 Rb8 9. Rc1 Nh5 10. Bg5 h6 11. Be3 Na5 12. Qa4 c6 13. c5 b5 14. cxb6 Qxb6 15. b3 Nf6 16. Bd2 Bd7 17. Qa3 Nb7 18. e4 c5 19. e5 dxe5 20. dxe5 Ne8 21. Ne4 Nc7 22. Nxc5 Bc6 23. Nd3 Nb5 24. Qb2 Bxf3 25. Bxf3 Nd4 26. Bg4 h5 27. Be3 hxg4 28. Bxd4 Qb5 29. Nf4 Nd8 30. e6 Bh6 31. exf7+ Rxf7 32. Rc5 Qd7 33. Be5 Rb6 34. Rfc1 Nc6 35. Rd5 Qe8 36. Rcd1 Rb5 37. Rxb5 axb5 38. Nxg6 Rf5 39. Qc2 Qxg6 40. Bb2 Rf6 41. Qe2 Rf5 42. Qc2 Bg7 0-1

[Event "Catalan Youth Championship 2024"]
[Site "Cambrils"]
[Date "2024.03.28"]
[Round "9.17"]
[White "Funes Ostos, Aitor"]
[Black "Sanchez Aguilar, Arnau"]
[Result "1-0"]
[ECO "A17"]
[WhiteElo "2125"]
[BlackElo "2168"]
[Annotator "RC"]
[PlyCount "59"]
[EventDate "2024.03.13"]
[EventType "swiss"]
[EventCountry "ESP"]
[SourceTitle "playchess.com"]
[Source "ChessBase"]
[SourceQuality "1"]
[TimeControl "5400+30"]

1. c4 e6 2. Nc3 d5 3. e3 Nf6 4. Nf3 b6 5. b3 Bb7 6. Bb2 Nbd7 7. cxd5 exd5 8. Rc1 a6 9. Ne2 Bd6 10. Ned4 c5 11. Nf5 Bf8 12. Be2 g6 13. Ng3 h5 14. h4 Bd6 15. O-O Qc7 16. Qe1 O-O 17. Ng5 Rae8 18. f4 d4 19. Bxd4 Nd5 20. Nxh5 f6 21. Qg3 fxg5 22. Qxg5 Re6 23. f5 Bh2+ 24. Kh1 Rc6 25. Bg7 Be5 26. Bxf8 Nxf8 27. Bc4 Rd6 28. fxg6 Rxg6 29. Rxf8+ Kh7 30. Bd3 1-0

[Event "Catalan Youth Championship 2024"]
[Site "Cambrils"]
[Date "2024.03.28"]
[Round "9.18"]
[White "Valle Luis, Leo"]
[Black "Creixans Comerma, Pol"]
[Result "1/2-1/2"]
[ECO "B08"]
[WhiteElo "2230"]
[BlackElo "1981"]
[Annotator "RC"]
[PlyCount "101"]
[EventDate "2024.03.13"]
[EventType "swiss"]
[EventCountry "ESP"]
[SourceTitle "playchess.com"]
[Source "ChessBase"]
[SourceQuality "1"]
[TimeControl "5400+30"]

1. e4 Nc6 2. Nf3 d6 3. d4 Nf6 4. Nc3 g6 5. Bf4 Bg7 6. Qd2 a6 7. a4 O-O 8. Be2 Nxd4 9. Nxd4 e5 10. Be3 exd4 11. Bxd4 Re8 12. f3 Be6 13. Rd1 Qe7 14. O-O Rad8 15. f4 c5 16. Bf2 Ng4 17. Bxg4 Bxg4 18. Rde1 Be6 19. b3 Qf6 20. Nd5 Bxd5 21. Qxd5 Qc3 22. Re2 b5 23. Qc6 bxa4 24. Qxa4 f5 25. Rd1 Qb4 26. Qxa6 Rxe4 27. g3 Rde8 28. Rxe4 Qxe4 29. Re1 Qa8 30. Rxe8+ Qxe8 31. Qxd6 Bd4 32. Qd5+ Kf8 33. Kf1 Qb5+ 34. Kg1 Qe2 35. Bxd4 Qd1+ 36. Kg2 Qd2+ 37. Kh3 cxd4 38. Qg2 Qd1 39. Qf2 Kg8 40. b4 d3 41. cxd3 Qxd3 42. Qe1 Kf7 43. Qf2 Kg8 44. Qb2 Qf1+ 45. Kh4 Qd1 46. Kg5 h6+ 47. Kxg6 Qg4+ 48. Kxh6 Qh3+ 49. Kg6 Qg4+ 50. Kh6 Qh3+ 51. Kg5 1/2-1/2

[Event "Catalan Youth Championship 2024"]
[Site "Cambrils"]
[Date "2024.03.28"]
[Round "9.19"]
[White "Ano Pla, Gerard"]
[Black "Catalan Monteagudo, Elm"]
[Result "1-0"]
[ECO "A45"]
[WhiteElo "2230"]
[BlackElo "1954"]
[Annotator "RC"]
[PlyCount "81"]
[EventDate "2024.03.13"]
[EventType "swiss"]
[EventCountry "ESP"]
[SourceTitle "playchess.com"]
[Source "ChessBase"]
[SourceQuality "1"]
[TimeControl "5400+30"]

1. d4 Nf6 2. Bg5 c5 3. d5 Qb6 4. Bc1 g6 5. Nc3 Bg7 6. e4 d6 7. Nf3 O-O 8. Be2 Nbd7 9. h3 a6 10. O-O Ne8 11. a4 Qd8 12. Bf4 b6 13. Qd2 Bb7 14. Rfe1 Ne5 15. Nxe5 dxe5 16. Be3 Rc8 17. b3 Nd6 18. f3 Qc7 19. g4 Rfd8 20. Bc4 Qd7 21. Qe2 Ra8 22. Bd3 Rdc8 23. Nd1 Kh8 24. a5 b5 25. c4 f5 26. Nc3 e6 27. cxb5 axb5 28. Bxb5 Nxb5 29. Qxb5 Qxb5 30. Nxb5 exd5 31. Nd6 Rc7 32. Nxb7 Rxb7 33. Bxc5 Rxb3 34. a6 Rb5 35. Bf2 fxe4 36. fxe4 d4 37. Reb1 Rxb1+ 38. Rxb1 Bh6 39. Ra1 Ra7 40. Kf1 d3 41. Bxa7 1-0

[Event "Catalan Youth Championship 2024"]
[Site "Cambrils"]
[Date "2024.03.28"]
[Round "9.20"]
[White "Porta Isant, Lluis"]
[Black "Vinuesa Sorli, Ruben"]
[Result "1-0"]
[ECO "C68"]
[WhiteElo "2115"]
[BlackElo "1996"]
[Annotator "RC"]
[PlyCount "103"]
[EventDate "2024.03.13"]
[EventType "swiss"]
[EventCountry "ESP"]
[SourceTitle "playchess.com"]
[Source "ChessBase"]
[SourceQuality "1"]
[TimeControl "5400+30"]

1. e4 e5 2. Nf3 Nc6 3. Bb5 a6 4. Bxc6 dxc6 5. O-O Bd6 6. d4 exd4 7. Qxd4 f6 8. Re1 Be6 9. e5 Bxe5 10. Qh4 Qe7 11. Nc3 Bxc3 12. bxc3 O-O-O 13. Qe4 Re8 14. Bf4 g5 15. Bg3 h5 16. Qd4 c5 17. Qe4 h4 18. Rab1 c6 19. Bb8 Kxb8 20. Qxc6 Rh7 21. Rxb7+ Qxb7 22. Qxe8+ Bc8 23. Qxg8 h3 24. Qb3 g4 25. Nd2 Ka8 26. Qxb7+ Bxb7 27. g3 Bg2 28. f3 Rd7 29. Nc4 Kb7 30. fxg4 Kc6 31. Kf2 Bd5 32. Ne3 Bxa2 33. Ra1 Rd2+ 34. Kf3 Bd5+ 35. Nxd5 Kxd5 36. Rxa6 Ke5 37. Rc6 Rxh2 38. Rxc5+ Ke6 39. g5 fxg5 40. Kg4 Rxc2 41. Kxh3 Kf6 42. Kg4 Rc1 43. Rc6+ Kf7 44. Kxg5 Ra1 45. Rc7+ Ke6 46. g4 Ra4 47. Kh5 Kd6 48. Rf7 Rc4 49. Rf3 Ke5 50. g5 Ke4 51. Rg3 Kf4 52. Rg4+ 1-0

[Event "Catalan Youth Championship 2024"]
[Site "Cambrils"]
[Date "2024.03.28"]
[Round "9.21"]
[White "Martin Barcelo, Carles"]
[Black "Rocamora Martorell, Ferran"]
[Result "1/2-1/2"]
[ECO "C42"]
[WhiteElo "2234"]
[BlackElo "2118"]
[Annotator "RC"]
[PlyCount "39"]
[EventDate "2024.03.13"]
[EventType "swiss"]
[EventCountry "ESP"]
[SourceTitle "playchess.com"]
[Source "ChessBase"]
[SourceQuality "1"]
[TimeControl "5400+30"]

1. e4 e5 2. Nf3 Nf6 3. Nxe5 d6 4. Nc4 Nxe4 5. Nc3 Nf6 6. d4 Be7 7. Bd3 Nc6 8. d5 Nb4 9. Be2 c6 10. dxc6 bxc6 11. a3 Nbd5 12. Nxd5 Nxd5 13. Ne3 Nxe3 14. Bxe3 O-O 15. O-O Bf6 16. Bd4 c5 17. Bxf6 Qxf6 18. Bf3 Rb8 19. b3 Bf5 20. Qd2 1/2-1/2

[Event "Catalan Youth Championship 2024"]
[Site "Cambrils"]
[Date "2024.03.28"]
[Round "9.22"]
[White "Serrano Batova, Vicent"]
[Black "Niubo Garcia, Arnau"]
[Result "1-0"]
[ECO "D05"]
[WhiteElo "2104"]
[BlackElo "1699"]
[Annotator "RC"]
[PlyCount "45"]
[EventDate "2024.03.13"]
[EventType "swiss"]
[EventCountry "ESP"]
[SourceTitle "playchess.com"]
[Source "ChessBase"]
[SourceQuality "1"]
[TimeControl "5400+30"]

1. d4 d5 2. Nf3 Nf6 3. e3 e6 4. Bd3 c5 5. b3 Nc6 6. Bb2 b6 7. Nbd2 Bb7 8. O-O Bd6 9. Ne5 Ne7 10. Bb5+ Kf8 11. Bd3 Qc7 12. f4 Nd7 13. Qh5 g6 14. Qh6+ Kg8 15. Nxd7 Qxd7 16. dxc5 d4 17. cxd6 Nc6 18. Ne4 Qd8 19. f5 Ne5 20. fxe6 Bxe4 21. Bxe4 Rc8 22. Bd5 Qf8 23. exf7+ 1-0

[Event "Catalan Youth Championship 2024"]
[Site "Cambrils"]
[Date "2024.03.28"]
[Round "9.23"]
[White "Farre Ramirez, Mateu"]
[Black "Gomez Navais, Marcal"]
[Result "0-1"]
[ECO "B55"]
[WhiteElo "1686"]
[BlackElo "2086"]
[Annotator "RC"]
[PlyCount "80"]
[EventDate "2024.03.13"]
[EventType "swiss"]
[EventCountry "ESP"]
[SourceTitle "playchess.com"]
[Source "ChessBase"]
[SourceQuality "1"]
[TimeControl "5400+30"]

1. e4 c5 2. Nf3 d6 3. d4 cxd4 4. Nxd4 Nf6 5. Bd3 Nc6 6. Nxc6 bxc6 7. O-O g6 8. b3 Bg7 9. Bb2 O-O 10. Nc3 d5 11. exd5 cxd5 12. Na4 Qd6 13. f4 Ng4 14. Bxg7 Kxg7 15. Qf3 Bd7 16. h3 Nf6 17. Nb2 Bc6 18. Qe3 a5 19. a4 Nd7 20. Rfe1 Rfe8 21. Rad1 Qf6 22. Rb1 Rac8 23. Qd2 Kg8 24. Ba6 Ra8 25. Bd3 Nc5 26. Re2 Ne6 27. Rf2 Nc5 28. Re2 e6 29. Re5 Nd7 30. Ree1 h5 31. Nd1 Rec8 32. Nf2 Nc5 33. Re5 Bb7 34. Rbe1 Ba6 35. Bxa6 Rxa6 36. g4 Qh4 37. Kg2 Rac6 38. Rg5 Ne4 39. Nxe4 Rxc2 40. Rd1 dxe4 0-1

[Event "Catalan Youth Championship 2024"]
[Site "Cambrils"]
[Date "2024.03.28"]
[Round "9.24"]
[White "Pujol Biosca, Joan"]
[Black "Navajas Alvarez, Josep"]
[Result "1/2-1/2"]
[ECO "B33"]
[WhiteElo "1979"]
[BlackElo "1989"]
[Annotator "RC"]
[PlyCount "61"]
[EventDate "2024.03.13"]
[EventType "swiss"]
[EventCountry "ESP"]
[SourceTitle "playchess.com"]
[Source "ChessBase"]
[SourceQuality "1"]
[TimeControl "5400+30"]

1. e4 c5 2. Nf3 Nc6 3. d4 cxd4 4. Nxd4 Nf6 5. Nc3 e5 6. Ndb5 d6 7. Nd5 Nxd5 8. exd5 Nb8 9. c4 Be7 10. Be2 O-O 11. O-O a6 12. Nc3 f5 13. f4 e4 14. Be3 Bf6 15. Qc2 Nd7 16. b4 b6 17. Rac1 Bb7 18. Qb3 Rc8 19. Rfd1 Kh8 20. Bf1 g5 21. Ne2 Qe7 22. Nd4 gxf4 23. Bxf4 Be5 24. Qe3 Bxf4 25. Qxf4 Qe5 26. Qxe5+ Nxe5 27. Ne6 Rf6 28. Nf4 Rf7 29. Be2 Kg7 30. Nh5+ Kh8 31. Nf4 1/2-1/2